 Dungeon Crawl Stone Soup version 0.25.1-2-g60ff931df9 (webtiles) character file.

Game seed: 16809196916794855416

444 Asymodius the Cudgeler (level 6, -5/49 HPs)
             Began as a Demonspawn Chaos Knight on Oct 27, 2020.
             Was a Plaything of Xom.
             Slain by a guardian serpent (glowing shapeshifter) (6 damage)
             ... on level 4 of the Dungeon.
             The game lasted 00:23:43 (3663 turns).

Asymodius the Cudgeler (Demonspawn Chaos Knight)    Turns: 3663, Time: 00:23:44

Health: -5/49      AC: 15    Str: 15    XL:     6   Next: 72%
Magic:  15/15      EV: 11    Int: 13    God:    Xom [......]
Gold:   228        SH:  0    Dex: 10    Spells: 5/5 levels left

rFire    . . .     SeeInvis .   a - +0 mace (chaos)
rCold    . . .     Gourm    .   (no shield)
rNeg     . . .     Faith    .   q - +1 chain mail
rPois    .         Spirit   .   (no helmet)
rElec    .         Reflect  .   (no cloak)
rCorr    .         Harm     .   r - +2 pair of gloves
MR       .....     Clarity  +   (no boots)
Stlth    ..........             (no amulet)
HPRegen  0.16/turn              i - ring of magical power
MPRegen  0.14/turn              m - ring of wizardry

@: mighty, agile, lethally poisoned (-5 -> -13)
A: molten scales 1, clarity, clumsy 1, nightstalker 2, powered by death 1, no
potion heal 1
a: Renounce Religion


You were on level 4 of the Dungeon.
You worshipped Xom.
You were a very special plaything of Xom.
You were not hungry.

You visited 1 branch of the dungeon, and saw 5 of its levels.

You collected 228 gold pieces.

Inventory:

Hand Weapons
 a - a +0 mace of chaos (weapon)
Armour
 b - a +2 leather armour
 q - a +1 chain mail (worn)
 r - a +2 pair of gloves (worn)
Magical Staves
 f - an uncursed staff of poison {unknown}
Jewellery
 i - a ring of magical power (left hand)
 m - a ring of wizardry (right hand)
Wands
 l - a wand of flame (19)
Scrolls
 g - 4 scrolls of identify
 h - 2 scrolls of fear
Potions
 k - a potion of degeneration
 p - a potion of brilliance
Comestibles
 c - 12 rations
 s - 2 chunks of flesh


   Skills:
 + Level 4.5 Fighting
 + Level 5.1 Maces & Flails
 + Level 3.3 Armour
 + Level 1.2 Dodging
 + Level 1.3 Stealth


You had 5 spell levels left.
You didn't know any spells.
Your spell library contained the following spells:

 Spells                   Type           Power        Failure   Level  Hunger
 Infusion                 Chrm           #...         91%         1    ##.....


Dungeon Overview and Level Annotations

Branches:
Dungeon (5/15)
 Temple: D:4-7

Altars:
Cheibriados
Kikubaaqudgha
Makhleb
Ru
Sif Muna
Vehumet
Xom
Zin

Annotations:
D:4 2 transporters, Toogi's ghost, amateur DrTm


Innate Abilities, Weirdness & Mutations

You are partially covered in molten scales. (AC +2)
You are significantly more attuned to the shadows.
You regenerate a little health from kills.
You possess an exceptional clarity of mind.
You are clumsy. (Dex -2)
Potions are less effective at restoring your health.


Message History

The jumping spider pounces on you.
* * * LOW HITPOINT WARNING * * *
The jumping spider bites you but does no damage.
You are engulfed in seething chaos.
* * * LOW HITPOINT WARNING * * *
You feel sick.
The jumping spider changes into a guardian serpent!
You can move again.
It was a potion of mutation.
You feel extremely strange.
Your system partially rejects the healing effects of potions.
You feel clumsy.
Your thoughts seem clearer.
Xom roars with laughter!
You are engulfed in seething chaos.
* * * LOW HITPOINT WARNING * * *
You feel sick.
The guardian serpent is engulfed in seething chaos.
The guardian serpent seems to slow down.
The guardian serpent hits you.
You die...
Xom bursts into laughter!

###.##.....##. #...#.......#.
#.#.#.......#. #.#....._..... ###
########.#.#.......#. ..#
#......#.#.#.......#. ..#######
#.####§#.#.##.....##.
........#####.###§§....####.####.
...............S@§.#.#...........
...............###...#.......###.
....<....##....'.....((G.....#...
.........#.....##.#..#.#)....#.#.
..#'#.....##...##.#..#.#.....#...
..#.#.##.......##.#..#.#..(..#.#.
'##.#.##.......##......#.......#.
.####.##.......'.....##(...#...##
......##.......#####.##....#...#


You could see a guardian serpent shaped shifter (slow).

Vanquished Creatures
  An ogre (D:4)
  A crimson imp (D:4)
  2 orc wizards (D:4)
  A worker ant (D:2)
  Robin (D:3)
  3 adders
  3 oozes
  6 worms
  2 dart slugs (D:3)
  2 leopard geckos
  6 orcs
  5 bats
  3 giant cockroaches
  22 goblins
  6 hobgoblins
  6 jackals (D:4)
  A quokka (D:4)
  A ball python (D:4)
  A ball python skeleton (D:4)
  4 frilled lizards
  4 kobolds
  3 rats (D:3)
84 creatures vanquished.

Vanquished Creatures (others)
  An ice beast (D:3)
1 creature vanquished.

Grand Total: 85 creatures vanquished

Notes
Turn   | Place    | Note
-------+----------+-------------------------------------------
     0 | D:1      | Asymodius the Demonspawn Chaos Knight began the quest for
                  | the Orb.
     0 | D:1      | Reached XP level 1. HP: 18/18 MP: 1/1
    33 | D:1      | Reached skill level 3 in Maces & Flails
   105 | D:1      | XOM: silly message
   146 | D:1      | XOM: potion effect (berserk rage)
   149 | D:1      | Gained mutation: You are slightly more attuned to the
                  | shadows. [demonic ancestry]
   149 | D:1      | Reached XP level 2. HP: 24/24 MP: 2/2
   171 | D:1      | XOM: silly message
   563 | D:1      | XOM: silly message
   772 | D:2      | Reached XP level 3. HP: 18/29 MP: 3/3
   786 | D:2      | XOM: divination: detect items
   897 | D:2      | Found a faded altar of an unknown god.
  1049 | D:2      | XOM: divination: detect items
  1058 | D:2      | Found a sacrificial altar of Ru.
  1112 | D:2      | Found a shimmering altar of Xom.
  1167 | D:2      | XOM: noise
  1183 | D:2      | XOM: silly message
  1254 | D:2      | Gained mutation: You regenerate a little health from kills.
                  | [demonic ancestry]
  1254 | D:2      | Reached XP level 4. HP: 33/35 MP: 4/4
  1351 | D:2      | XOM: noise
  1356 | D:2      | XOM: smoke on damage
  1359 | D:2      | Reached skill level 4 in Maces & Flails
  1591 | D:2      | Found a radiant altar of Vehumet.
  1597 | D:2      | Found a shimmering blue altar of Sif Muna.
  1597 | D:2      | Found an ancient bone altar of Kikubaaqudgha.
  1600 | D:2      | Identified Sif Muna's Collected Works on Augmentations
  1728 | D:3      | XOM: divination: detect creatures
  1776 | D:3      | Found a snail-covered altar of Cheibriados.
  1915 | D:3      | Reached skill level 1 in Stealth
  1958 | D:3      | Noticed Robin
  2150 | D:3      | Killed Robin
  2151 | D:3      | Noticed an ice beast
  2360 | D:3      | XOM: enchant monster (good)
  2363 | D:3      | Banished an ice beast
  2363 | D:3      | Reached skill level 1 in Dodging
  2363 | D:3      | Gained mutation: You are significantly more attuned to the
                  | shadows. [demonic ancestry]
  2363 | D:3      | Reached XP level 5. HP: 42/42 MP: 5/5
  2373 | D:3      | XOM: scenery: create altars
  2434 | D:3      | XOM: noise
  2684 | D:4      | Noticed an ogre
  2702 | D:4      | XOM: potion effect (curing)
  2705 | D:4      | XOM: divination: detect items
  2803 | D:4      | Killed an ogre
  2803 | D:4      | Gained mutation: You are partially covered in molten
                  | scales. (AC +2) [demonic ancestry]
  2803 | D:4      | Reached XP level 6. HP: 21/48 MP: 6/6
  2865 | D:4      | XOM: noise
  2924 | D:4      | XOM: 9-stop teleportation journey
  3030 | D:4      | Found a glowing silver altar of Zin.
  3171 | D:4      | XOM: scenery: 1 doors open
  3361 | D:4      | Found a transporter.
  3386 | D:4      | Found a transporter.
  3389 | D:4      | Noticed Toogi's ghost (amateur DrTm)
  3467 | D:4      | Found a burning altar of Makhleb.
  3473 | D:4      | Reached skill level 5 in Maces & Flails
  3609 | D:5      | Entered Level 5 of the Dungeon
  3613 | D:5      | XOM: silly message
  3614 | D:5      | Noticed a glowing shapeshifter
  3614 | D:5      | a worker ant changed into a glowing shapeshifter
  3614 | D:5      | XOM: polymorph worker ant -> glowing shapeshifter
  3614 | D:5      | Noticed a death drake
  3614 | D:5      | a glowing shapeshifter changed into a death drake
  3621 | D:4      | Noticed a manticore
  3621 | D:4      | a death drake changed into a manticore
  3624 | D:4      | Noticed a salamander
  3624 | D:4      | a manticore changed into a salamander
  3627 | D:4      | a salamander changed into an eye of draining
  3633 | D:4      | Noticed a black mamba
  3633 | D:4      | an eye of draining changed into a black mamba
  3636 | D:4      | Noticed a guardian serpent
  3636 | D:4      | a black mamba changed into a guardian serpent
  3640 | D:4      | Noticed a raiju
  3640 | D:4      | a guardian serpent changed into a raiju
  3643 | D:4      | Noticed a hornet
  3643 | D:4      | a raiju changed into a hornet
  3644 | D:4      | a hornet changed into an eye of draining
  3648 | D:4      | Noticed a queen bee
  3652 | D:4      | XOM: blink monster(s)
  3656 | D:4      | Noticed a water moccasin
  3656 | D:4      | a queen bee changed into a water moccasin
  3657 | D:4      | XOM: chaos cloud
  3658 | D:4      | Paralysed by you for 5 turns
  3658 | D:4      | Noticed a golden eye
  3658 | D:4      | a water moccasin changed into a golden eye
  3659 | D:4      | Noticed a jumping spider
  3659 | D:4      | a golden eye changed into a jumping spider
  3662 | D:4      | HP: 2/49 [poisoned by a queen bee]
  3662 | D:4      | Noticed a guardian serpent
  3662 | D:4      | a jumping spider changed into a guardian serpent
  3663 | D:4      | Gained mutation: Potions are less effective at restoring
                  | your health. [potion of mutation]
  3663 | D:4      | Gained mutation: You are clumsy. (Dex -2) [potion of
                  | mutation]
  3663 | D:4      | Gained mutation: You possess an exceptional clarity of
                  | mind. [potion of mutation]
  3663 | D:4      | Slain by a guardian serpent (glowing shapeshifter)

Illustrated notes

Levels and vault maps discovered:
D:1:      dpeg_arrival_round_a, layout_loops_ring
D:2:      layout_loops_ring, grunt_temple_overflow_magic_moments,
          lemuel_doored_altar, chequers_ecumenical_altar_simple_redux,
          lemuel_altar_in_water
D:3:      layout_rooms, kennysheep_slug_shrine, portal_sewer_entry_d,
          minmay_misc_feat_hallway, uniq_robin
D:4:      layout_basic, makhleb_grotto_becter, old_standard_altar, first_ration,
          gammafunk_ghost_stat_death, minmay_ogre_servants
D:5:      layout_cave_pools, marbit_many_paths, serial_shops,
          nicolae_shop_overgrown_old_shop, basic_altar

Skill      XL: |  1  2  3  4  5  6 |
---------------+-------------------+-----
Maces & Flails | 3 4 5 |  5.1
Armour         | 2 3 |  3.3
Stealth        | 1 |  1.3
Dodging        | 1 |  1.2
Fighting       | 4 |  4.5

Action                   |  1- 3 |  4- 6 || total
-------------------------+-------+-------++-------
Melee: Mace              |    56 |   233 ||   289
  Use: Scroll            |       |    14 ||    14
       Potion            |       |    11 ||    11
 Stab: Sleeping          |     4 |       ||     4
       Paralysed         |     2 |     5 ||     7
  Eat: Chunk             |     1 |     8 ||     9
Armor: Leather armour    |    21 |     1 ||    22
       Chain mail        |       |   198 ||   198
Dodge: Dodged            |    33 |    92 ||   125
